AoeStats
← chichoN

Arabia

510626224Analyzed
1v1 RM · 1d ago on Oct 1, 2026· 28m 53s· 2 players
Game mode
Random Map
Map size
Tiny (2 player)
Population
200
Speed
Normal
Resources
Standard
Victory
Conquest
Starting age
Dark Age
Ending age
Imperial Age
RankedLock teamsTeams togetherTeam positionsShared explorationLock speedFull tech treeHidden civsTurbo modeCheats
Victory
Defeat
🇲🇽 Khitans · Mexico
1399
+19
🇦🇷 Ethiopians · Argentina
1456
-19
chichoN
7:26 Loom
9:45 Feudal Age
10:50 Double-Bit Axe
12:40 Wheelbarrow
15:05 Fletching
21:04 Castle Age
19:09 Horse Collar
19:59 Padded Archer Armor
20:27 Gold Mining
21:06 Crossbowman
22:22 Bow Saw
24:06 Leather Archer Armor
25:52 Bodkin Arrow
hamu
6:21 Loom
9:29 Feudal Age
10:28 Double-Bit Axe
15:03 Forging
22:37 Castle Age
21:27 Scale Barding Armor
21:07 Domestication
23:03 Fletching
25:47 Iron Casting
27:32 Husbandry
28:05 Padded Archer Armor
Connection lost

Rejoining the realm…

Still unreachable

The connection could not be restored.

Session expired

The server has moved on; the page needs a fresh start.